 Dungeon Crawl Stone Soup version 0.21.1-1-g345015f (webtiles) character file.

328229 nicolaieve the Executioner (level 21, -17/204 HPs)
             Began as a Minotaur Berserker on July 8, 2018.
             Was the Champion of Trog.
             Killed from afar by Asterion (50 damage)
             ... with an orb of electricity
             ... on level 4 of the Snake Pit on July 10, 2018.
             The game lasted 03:51:12 (40743 turns).

nicolaieve the Executioner (Minotaur Berserker)    Turns: 40743, Time: 03:51:13

Health: -17/204    AC: 28    Str: 36    XL:     21   Next: 12%
Magic:  0/6        EV: 15    Int:  4    God:    Trog [******]
Gold:   3245       SH:  0    Dex: 11    Spells: 20/20 levels left

rFire    . . .     SeeInvis .   f - +6 executioner's axe (antimagic)
rCold    . . .     Gourm    .   (shield currently unavailable)
rNeg     . . .     Faith    .   A - +1 plate armour {MR+}
rPois    +         Spirit   +   (helmet restricted)
rElec    .         Reflect  .   R - +1 cloak
rCorr    .         Harm     .   o - +2 pair of gloves
MR       ++++.                  E - +0 pair of boots
Stlth    ..........             D - amulet of guardian spirit
HPRegen  1.44/turn              k - +5 ring of strength
MPRegen  0.10/turn              V - ring of poison resistance

@: lethally poisoned (-17 -> -17), berserk cooldown, slightly contaminated,
regenerating
A: retaliatory headbutt, horns 2
}: 1/15 runes: decaying
a: Berserk, Trog's Hand, Brothers in Arms, Burn Spellbooks, Renounce Religion


You were on level 4 of the Snake Pit.
You worshipped Trog.
Trog was exalted by your worship.
You were not hungry.

You visited 6 branches of the dungeon, and saw 35 of its levels.

You collected 3700 gold pieces.
You spent 455 gold pieces at shops.

Inventory:

Hand Weapons
 d - a +8 battleaxe of electrocution
 f - a +6 antimagic executioner's axe (weapon)
 l - the +7 battleaxe of Disintegration {elec, Dex+4}
   (Trog gifted it to you on level 2 of the Orcish Mines)

   Occasionally, upon striking a foe, it will discharge some electrical energy
   and cause terrible harm.
   It affects your dexterity (+4).
 y - a +2 battleaxe of freezing
 B - a +2 battleaxe of venom
 O - a +1 battleaxe of flaming
Missiles
 x - 63 tomahawks (quivered)
Armour
 o - a +2 pair of gloves (worn)
 z - the +1 chain mail of Fortitude {rCorr}
   (You found it on level 4 of the Dungeon)

   It protects you from acid and corrosion.
 A - a +1 plate armour of magic resistance (worn)
 E - a +0 pair of boots (worn)
 H - the +0 chain mail "Vopnap" {rElec rN++ Dex-5 Stlth+}
   (You found it on level 6 of the Dungeon)

   It affects your dexterity (-5).
   It insulates you from electricity.
   It greatly protects you from negative energy.
   It makes you more stealthy.
 R - a +1 cloak (worn)
Jewellery
 k - a +5 ring of strength (left hand)
 D - an amulet of guardian spirit (around neck)
 M - an uncursed ring of protection from fire
 P - an uncursed ring of positive energy
 T - an uncursed ring of see invisible
 V - a ring of poison resistance (right hand)
Wands
 n - a wand of digging (37)
 p - a wand of acid (35)
 w - a wand of enslavement (16)
 C - a wand of paralysis (9)
 J - a wand of disintegration (20)
 U - a wand of iceblast (14)
 W - a wand of flame (56)
Scrolls
 a - 4 scrolls of fear
 b - a scroll of blinking
 e - 3 scrolls of magic mapping
 i - 18 scrolls of remove curse
 j - 7 scrolls of enchant armour
 r - 2 scrolls of identify
 s - 2 scrolls of holy word
 u - 17 scrolls of teleportation
 v - a scroll of silence {unknown}
 G - 5 scrolls of immolation
 K - 2 scrolls of enchant weapon
 S - 4 scrolls of summoning
 Y - a scroll of acquirement {unknown}
Potions
 m - 3 potions of flight
 q - 3 potions of haste
 t - 13 potions of curing
 F - a potion of resistance
 L - 3 potions of mutation
 N - 4 potions of ambrosia
 Q - 4 potions of agility
 X - 2 potions of cancellation
Comestibles
 c - 34 rations


   Skills:
 + Level 21.2 Fighting
 - Level 26.0 Axes
 - Level 8.7 Throwing
 + Level 19.5 Armour
 * Level 12.7 Dodging


You had 20 spell levels left.
You didn't know any spells.

Dungeon Overview and Level Annotations

Branches:
Dungeon (15/15)            Temple (0/1) D:4            Lair (6/6) D:9
  Swamp (4/4) Lair:4        Snake (4/4) Lair:3        Slime (0/5) Lair:6
    Orc (2/2) D:11            Elf (0/3) Orc:2        Vaults (4/5) D:14
  Crypt (0/3) Vaults:2     Depths (0/5) D:15

Altars:
Cheibriados
Dithmenos
Gozag
Nemelex Xobeh
Trog
Xom

Shops:
D:11 :((   D:15 *   Orc:2 [([?}   Snake:4 *   Vaults:1 (}!   Vaults:3 ?

Annotations:
Lair:6 1 runed door
Snake:4 Asterion, Nikola, Saint Roka, Vashnia


Innate Abilities, Weirdness & Mutations

You reflexively headbutt those who attack you in melee.
You have a pair of horns on your head.


Message History

As you read the scroll of blinking, it crumbles to dust.
You feel sick.
Found 20 sling bullets and a halberd.
Asterion conjures a destructive force in the name of Makhleb!
The fireball explodes!
The fireball engulfs you!
* * * LOW HITPOINT WARNING * * *
You feel sick.
Blink to where?
Press: ? - help, Dir - move target cursor You are lightly contaminated with residual magic.
As you read the scroll of blinking, it crumbles to dust.
You feel sick.
You feel sick. Asterion closely misses you. You furiously retaliate!
You headbutt Asterion, but do no damage.
Asterion gores you.
* * * LOW HITPOINT WARNING * * *
You feel yourself speed up.
Asterion conjures a destructive force in the name of Makhleb!
The orb of electricity explodes!
The orb of electricity engulfs you!
You die...

#......#).....# *,,
####...####.#.# #.,
#.<.####.#.# ####.,
#####....#.######*##....,
#...........##......,
#...#..........#,,..#
###...........##***#..
#....#####.....#####..
#....@## #.....()N.##)
#...#..###...###)N....
######H..##### ###.###
##...# #)### #....#*
#.N.# #####.....#***
###.N #.......#...,*
***###
#ยง#######....#**,,,*#
##.### *#.....,,....


You could see Asterion.

Vanquished Creatures
  A lich (Vaults:4)
  Rupert (Lair:3)
  The ghost of eyesofgods1 the Martial Artist, an adept GnTm of Vehumet (Swamp:3)
  Frances (Snake:1)
  Agnes (Snake:2)
  2 thorn hunters
  A sphinx (Vaults:3)
  3 nagarajas
  2 fire giants (Vaults:4)
  9 vault wardens
  Aizul (Swamp:2)
  2 frost giants
  Louise (Swamp:2)
  17 ironheart preservers
  5 stone giants
  A deep elf annihilator (Vaults:4)
  A deep elf demonologist (Vaults:4)
  Azrael (D:15)
  A dire elephant (D:15)
  Josephine (D:15)
  An ettin (Vaults:3)
  A crystal guardian (Vaults:2)
  A jiangshi (Vaults:2)
  2 great orbs of eyes (Vaults:1)
  3 fire dragons
  5 yaktaur captains
  3 ice dragons
  2 rakshasas (Vaults:1)
  19 hydras
  4 vault guards
  3 anacondas
  5 naga warriors
  7 centaur warriors
  7 alligators
  37 two-headed ogres
  2 death knights
  13 ogre magi
  6 death yaks (Lair:5)
  4 deep troll shamans
  3 deep troll earth magi
  8 shock serpents
  8 deep elf knights
  5 orc high priests (Orc:2)
  6 naga sharpshooters
  A salamander mystic (Snake:2)
  27 slime creatures
  4 flayed ghosts
  5 skeletal warriors
  4 wizards
  An unseen horror (shapeshifter) (Vaults:3)
  3 spriggan druids
  12 swamp dragons
  3 naga ritualists
  15 deep trolls
  9 ironbrand convokers
  3 shambling mangroves
  3 unseen horrors
  A harpy (shapeshifter) (Vaults:1)
  7 deep elf archers
  An orb spider (shapeshifter) (Vaults:2)
  A lindwurm (Lair:6)
  13 orc knights
  21 harpies
  8 mana vipers
  16 deep elf magi
  31 ugly things
  7 cyclopes
  6 orc sorcerers
  A wolf spider (Vaults:3)
  A salamander (shapeshifter) (Vaults:4)
  3 manticores
  8 salamanders
  2 guardian serpents
  5 centaur zombies
  23 black mambas
  15 elephants
  Psyche (D:10)
  7 naga magi
  5 torpor snails (Lair:6)
  7 vault sentinels
  The ghost of wojtek the Chopper, a novice MiFi (D:4)
  A water nymph (shapeshifter) (Vaults:1)
  A gargoyle (D:11)
  21 spiny frogs
  A komodo dragon (shapeshifter) (Vaults:4)
  14 komodo dragons
  8 rime drakes
  7 freezing wraiths
  38 yaktaurs
  2 tengu conjurers (D:13)
  9 trolls
  A meliai (shapeshifter) (Vaults:4)
  A meliai (D:15)
  A polar bear (shapeshifter) (D:14)
  2 polar bears
  A queen bee (shapeshifter) (Vaults:3)
  21 hornets
  A wind drake (shapeshifter) (Vaults:1)
  8 bog bodies
  25 blink frogs
  10 tyrant leeches
  11 dream sheep
  10 hippogriffs
  A hippogriff (shapeshifter) (Vaults:1)
  5 shadows
  4 wyverns
  50 yaks
  2 vampires (D:15)
  A spriggan (shapeshifter) (Vaults:2)
  6 wraiths
  A yak (shapeshifter) (D:15)
  Eustachio (D:6)
  9 spriggans
  3 fire elementals (D:15)
  2 humans (shapeshifter)
  7 basilisks
  A hungry ghost (D:10)
  9 vampire mosquitoes
  2 steam dragons (Lair:6)
  9 insubstantial wisps (Swamp:2)
  10 wargs
  26 nagas
  Edmund (D:4)
  23 swamp worms
  2 soldier ants
  2 acid dragons
  15 water moccasins
  4 hell hounds (D:15)
  36 orc warriors
  19 swamp drakes
  6 porcupines
  2 black bears
  An eye of draining (D:13)
  7 sky beasts
  2 phantoms (D:4)
  5 ice beasts
  A boggart (shapeshifter) (Vaults:4)
  6 boggarts
  7 wolves
  35 ogres
  9 centaurs
  17 crocodiles
  A big kobold (D:11)
  19 bullfrogs
  4 gnoll sergeants
  The ghost of theblackcape the Ducker, an amateur FeMo of Ru (D:3)
  A wyvern skeleton (D:13)
  6 scorpions
  A water moccasin skeleton (D:5)
  11 killer bees
  5 wights
  2 howler monkeys
  2 electric eels
  4 crimson imps
  A bullfrog zombie (D:6)
  7 hounds
  A lava snake (D:9)
  A quasit (D:11)
  7 jellies
  33 orc wizards
  3 bullfrog skeletons
  6 centaur skeletons
  34 orc priests
  Jessica (D:2)
  Natasha (twice) (D:3)
  6 iguanas
  10 worker ants
  4 hound zombies
  12 gnolls
  3 worker ant zombies
  6 adders
  A howler monkey skeleton (D:9)
  3 shadow imps
  3 oozes
  An adder skeleton (D:4)
  6 worms
  6 leopard geckos
  102 orcs
  7 bats
  6 giant cockroaches
  10 goblins
  6 hobgoblins
  8 jackals
  5 quokkas
  3 frilled lizards
  6 kobolds
  13 rats
  5 briar patches (Swamp:2)
  A fungus (Lair:6)
  9 plants
1427 creatures vanquished.

Vanquished Creatures (collateral kills)
  A hydra (D:11)
  A manticore (D:11)
  A troll (D:11)
  A hungry ghost (D:11)
  A sky beast (D:11)
5 creatures vanquished.

Vanquished Creatures (others)
  2 nagas (Snake:4)
  A crocodile (D:15)
  A briar patch (Swamp:2)
  17 fungi
  18 plants
39 creatures vanquished.

Grand Total: 1471 creatures vanquished

Notes
Turn   | Place    | Note
-------+----------+-------------------------------------------
     0 | D:1      | nicolaieve the Minotaur Berserker began the quest for the Orb.
     0 | D:1      | Reached XP level 1. HP: 19/19 MP: 0/0
   200 | D:1      | Reached skill level 4 in Axes
   281 | D:1      | Reached XP level 2. HP: 23/27 MP: 1/1
   848 | D:2      | Reached skill level 5 in Axes
   848 | D:2      | Reached XP level 3. HP: 33/33 MP: 2/2
   941 | D:2      | Reached XP level 4. HP: 29/41 MP: 3/3
  1224 | D:2      | Noticed Jessica
  1229 | D:2      | Killed Jessica
  1229 | D:2      | Reached ** piety under Trog
  1325 | D:3      | Noticed theblackcape's ghost (amateur FeMo)
  1341 | D:3      | Killed theblackcape's ghost
  1341 | D:3      | Reached skill level 6 in Axes
  1341 | D:3      | Reached XP level 5. HP: 23/47 MP: 4/4
  1528 | D:3      | Noticed Natasha
  1535 | D:3      | Killed Natasha
  1646 | D:3      | Reached skill level 7 in Axes
  1693 | D:3      | Reached XP level 6. HP: 54/55 MP: 5/5
  1694 | D:3      | Noticed Natasha
  1705 | D:3      | Killed Natasha
  1705 | D:3      | Reached skill level 5 in Fighting
  1709 | D:3      | Reached *** piety under Trog
  1865 | D:3      | Found a bloodstained altar of Trog.
  2120 | D:4      | Reached skill level 8 in Axes
  2214 | D:4      | Found a snail-covered altar of Cheibriados.
  2252 | D:4      | Got a heavily runed chain mail
  2263 | D:4      | Identified the cursed +1 chain mail of Fortitude {rCorr} (You found it on level 4 of the Dungeon)
  2289 | D:4      | Noticed Edmund
  2295 | D:4      | Reached XP level 7. HP: 61/61 MP: 6/6
  2297 | D:4      | Killed Edmund
  2298 | D:4      | Found a staircase to the Ecumenical Temple.
  2411 | D:4      | Reached skill level 9 in Axes
  2511 | D:4      | Noticed wojtek's ghost (novice MiFi)
  2531 | D:4      | Killed wojtek's ghost
  2531 | D:4      | Reached skill level 10 in Axes
  2531 | D:4      | Reached XP level 8. HP: 70/70 MP: 7/7
  2853 | D:5      | Entered Level 5 of the Dungeon
  2988 | D:5      | Found a sparkling altar of Nemelex Xobeh.
  3033 | D:5      | Reached **** piety under Trog
  3139 | D:5      | Reached skill level 11 in Axes
  3143 | D:5      | Reached skill level 5 in Armour
  3178 | D:5      | Found an opulent altar of Gozag.
  3669 | D:6      | Noticed Eustachio
  3686 | D:6      | Reached skill level 12 in Axes
  3686 | D:6      | Reached XP level 9. HP: 78/78 MP: 4/8
  3697 | D:6      | Killed Eustachio
  3934 | D:6      | Got a bloodstained chain mail
  3945 | D:6      | Identified the cursed +0 chain mail "Vopnap" {rElec rN++ Dex-5 Stlth+} (You found it on level 6 of the Dungeon)
  4252 | D:7      | Found a shadowy altar of Dithmenos.
  4296 | D:7      | Reached ***** piety under Trog
  4344 | D:7      | Reached skill level 13 in Axes
  4876 | D:8      | Killed a very large slime creature
  4876 | D:8      | Reached XP level 10. HP: 53/88 MP: 4/9
  4885 | D:8      | Reached skill level 14 in Axes
  5740 | D:9      | Found a staircase to the Lair.
  5776 | D:9      | Reached skill level 15 in Axes
  6271 | D:9      | Received a gift from Trog
  6669 | D:10     | Entered Level 10 of the Dungeon
  6678 | D:10     | Killed an unseen horror
  6729 | D:10     | Reached XP level 11. HP: 85/97 MP: 1/10
  6876 | D:10     | Reached skill level 16 in Axes
  7034 | D:10     | Noticed Psyche
  7052 | D:10     | Found a flagged portal.
  7099 | D:10     | Noticed a frost giant
  7290 | D:10     | Killed a frost giant
  7423 | D:10     | Killed Psyche
  7423 | D:10     | Reached skill level 17 in Axes
  7429 | D:11     | Found Yppy's Book Shop.
  7429 | D:11     | Found Kuitseck's Antique Weapon Shoppe.
  7506 | D:11     | Found Lopury's Antique Weapon Shoppe.
  7591 | D:11     | Noticed an eight-headed hydra
  7599 | D:11     | HP: 3/145 [eight-headed hydra (6)]
  7610 | D:11     | Killed an eight-headed hydra
  7610 | D:11     | Reached skill level 18 in Axes
  7617 | D:11     | Received a gift from Trog
  8090 | D:11     | Found a staircase to the Orcish Mines.
  8316 | Lair:1   | Entered Level 1 of the Lair of Beasts
  8358 | Lair:1   | Reached XP level 12. HP: 95/104 MP: 11/11
  8572 | Lair:1   | Reached skill level 19 in Axes
  9149 | Lair:2   | Reached skill level 20 in Axes
 10191 | Lair:3   | Found a staircase to the Snake Pit.
 10341 | Lair:3   | Noticed Rupert
 10354 | Lair:3   | Killed Rupert
 10354 | Lair:3   | Reached skill level 21 in Axes
 10354 | Lair:3   | Reached XP level 13. HP: 65/111 MP: 4/12
 10689 | Lair:3   | Received a gift from Trog
 11173 | Lair:4   | Found a staircase to the Swamp.
 11724 | Lair:5   | Reached skill level 22 in Axes
 11888 | Lair:5   | Reached skill level 10 in Armour
 11888 | Lair:5   | HP: 3/169 [rime drake/flash freeze (32)]
 11893 | Lair:5   | HP: 3/169 [poisoned by a spiny frog]
 12137 | Lair:6   | Entered Level 6 of the Lair of Beasts
 12198 | Lair:5   | Reached skill level 10 in Fighting
 12365 | Lair:5   | Reached skill level 23 in Axes
 12365 | Lair:5   | Reached XP level 14. HP: 59/121 MP: 4/13
 12366 | Lair:5   | Reached XP level 15. HP: 64/130 MP: 4/14
 12937 | Lair:6   | Reached ****** piety under Trog
 12937 | Lair:6   | Received a gift from Trog
 13278 | Lair:6   | Found a runed door.
 13313 | Lair:6   | Paralysed by a hornet for 2 turns
 13320 | Lair:6   | Reached XP level 16. HP: 112/139 MP: 2/15
 13438 | Lair:6   | Paralysed by a hornet for 2 turns
 13907 | Lair:6   | Reached skill level 24 in Axes
 14520 | Lair:6   | Found a staircase to the Slime Pits.
 15692 | Orc:1    | Entered Level 1 of the Orcish Mines
 15810 | Orc:2    | Entered Level 2 of the Orcish Mines
 15948 | Orc:2    | Received a gift from Trog
 16528 | Orc:2    | HP: 3/139 [orc warrior/trident of protection[an orc knight] (19)]
 17119 | Orc:2    | Received a gift from Trog
 17132 | Orc:2    | Got a translucent battleaxe {god gift}
 17140 | Orc:2    | Identified the +7 battleaxe of Disintegration {elec, Dex+4} (Trog gifted it to you on level 2 of the Orcish Mines)
 17281 | Orc:2    | Found Qerin's Armour Emporium.
 17281 | Orc:2    | Found Koxuz's Weapon Emporium.
 17282 | Orc:2    | Found Ykkuucoa's Magic Scroll Shoppe.
 17285 | Orc:2    | Found Odeit's Armour Shoppe.
 17331 | Orc:2    | Bought a scroll of identify for 34 gold pieces
 17331 | Orc:2    | Bought a scroll of magic mapping for 59 gold pieces
 17331 | Orc:2    | Bought a scroll of identify for 34 gold pieces
 17409 | Orc:2    | Found a staircase to the Elven Halls.
 17436 | Orc:2    | Found Ilu Xur's Gadget Shop.
 17946 | Swamp:1  | Entered Level 1 of the Swamp
 18543 | D:12     | Found a frozen archway.
 18826 | D:13     | Received a gift from Trog
 19541 | D:14     | Found a gate to the Vaults.
 19755 | D:14     | Received a gift from Trog
 19758 | D:14     | Got a slimy broad axe {god gift}
 19759 | D:14     | Identified the +5 broad axe of Trog's Supremacy {protect, +Rage Int+5 Dex+2} (Trog gifted it to you on level 14 of the Dungeon)
 20408 | D:14     | Reached XP level 17. HP: 154/154 MP: 16/16
 20588 | D:15     | Entered Level 15 of the Dungeon
 20590 | D:15     | Noticed Josephine
 20600 | D:15     | Killed Josephine
 21100 | D:15     | Found Baezo's Assorted Antiques.
 21116 | D:15     | Bought a scroll of identify for 74 gold pieces
 21116 | D:15     | Bought a scroll of identify for 74 gold pieces
 21687 | D:15     | Received a gift from Trog
 21688 | D:15     | Noticed Azrael
 22121 | D:15     | Reached skill level 25 in Axes
 22123 | D:15     | Killed Azrael
 22493 | D:15     | Found a staircase to the Depths.
 22766 | D:15     | Found a shimmering altar of Xom.
 23038 | Swamp:1  | Reached skill level 15 in Fighting
 23705 | Swamp:2  | Noticed Aizul
 23720 | Swamp:2  | Killed Aizul
 23720 | Swamp:2  | Reached skill level 15 in Armour
 24150 | Swamp:2  | Received a gift from Trog
 24462 | Swamp:2  | Noticed Louise
 24487 | Swamp:2  | Killed Louise
 24656 | Swamp:3  | Noticed eyesofgods1's ghost (adept GnTm)
 24671 | Swamp:3  | Killed eyesofgods1's ghost
 25629 | Swamp:4  | Entered Level 4 of the Swamp
 25714 | Swamp:4  | Received a gift from Trog
 27243 | Swamp:4  | Paralysed by a hornet for 3 turns
 27260 | Swamp:3  | Reached XP level 18. HP: 41/166 MP: 6/17
 27801 | Swamp:4  | Reached skill level 26 in Axes
 27878 | Swamp:4  | Got a decaying rune of Zot
 28432 | Vaults:1 | Entered Level 1 of the Vaults
 28723 | Vaults:1 | Reached skill level 1 in Throwing
 28924 | Vaults:1 | Received a gift from Trog
 29016 | Vaults:1 | Found Ostraac's Antique Weapon Emporium.
 29068 | Vaults:1 | Reached skill level 5 in Dodging
 29098 | Vaults:1 | Reached skill level 5 in Throwing
 30185 | Vaults:1 | Found Lelor's Distillery.
 30187 | Vaults:1 | Found Teul's Gadget Boutique.
 30199 | Vaults:1 | Bought a potion of heal wounds for 90 gold pieces
 30199 | Vaults:1 | Bought a potion of heal wounds for 90 gold pieces
 30395 | Vaults:2 | Received a gift from Trog
 30511 | Vaults:2 | Reached XP level 19. HP: 174/174 MP: 14/18
 30638 | Vaults:2 | Received a gift from Trog
 31634 | Vaults:2 | Reached skill level 10 in Dodging
 31901 | Vaults:2 | Received a gift from Trog
 31938 | Vaults:2 | Found a staircase to the Crypt.
 32240 | Vaults:3 | Found Luykocia's Magic Scroll Shoppe.
 34296 | Vaults:3 | Received a gift from Trog
 34612 | Vaults:4 | Reached XP level 20. HP: 189/189 MP: 6/19
 34710 | Vaults:4 | Received a gift from Trog
 34801 | Vaults:4 | Received a gift from Trog
 36543 | Vaults:4 | Received a gift from Trog
 37062 | Snake:1  | Entered Level 1 of the Snake Pit
 38383 | Snake:1  | Noticed Frances
 38394 | Snake:1  | Killed Frances
 39086 | Snake:2  | Noticed Agnes
 39098 | Snake:2  | Killed Agnes
 39508 | Snake:4  | Entered Level 4 of the Snake Pit
 39571 | Snake:2  | Received a gift from Trog
 40098 | Snake:3  | Received a gift from Trog
 40582 | Snake:4  | Reached XP level 21. HP: 193/204 MP: 6/20
 40588 | Snake:4  | Received a gift from Trog
 40589 | Snake:4  | Found Cacsit's General Store.
 40613 | Snake:4  | Noticed Nikola
 40614 | Snake:4  | Noticed Saint Roka
 40618 | Snake:4  | Noticed Vashnia
 40713 | Snake:4  | Noticed Asterion
 40743 | Snake:4  | Killed from afar by Asterion

Skill      XL: |  1  2  3  4  5  6  7  8  9 10 11 12 13 14 15 16 17 18 19 20 |
---------------+-------------------------------------------------------------+-----
Axes           | 4 5 6 7 8 10 12 13 15 18 21 23 24 25 26 | 26.0
Fighting       | 4 5 6 7 9 10 11 14 16 18 21 | 21.2
Armour         | 3 4 6 7 9 10 11 14 16 18 19 | 19.5
Throwing       | 7 8 |  8.7
Dodging        | 8 10 12 | 12.7

Action                   |  1- 3 |  4- 6 |  7- 9 | 10-12 | 13-15 | 16-18 | 19-21 || total
-------------------------+-------+-------+-------+-------+-------+-------+-------++-------
Melee: Hand axe          |    65 |   176 |   271 |   120 |       |       |       ||   632
       Headbutt          |     4 |    30 |    66 |    88 |    60 |   324 |   205 ||   777
       War axe           |       |       |       |    14 |       |    96 |       ||   110
       Executioner's axe |       |       |       |    75 |   223 |   237 |   590 ||  1125
       Battleaxe         |       |       |       |   233 |    10 |   882 |   150 ||  1275
       Whip              |       |       |       |    28 |     9 |    13 |       ||    50
Invok: Berserk           |       |     3 |     4 |     8 |     8 |    18 |    14 ||    55
       Burn Spellbooks   |       |     1 |     1 |     1 |       |     1 |     3 ||     7
       Trog's Hand       |       |       |       |     3 |     4 |    20 |     7 ||    34
       Brothers in Arms  |       |       |       |     1 |       |       |       ||     1
  Use: Scroll            |       |       |    10 |     4 |     4 |    14 |     9 ||    41
       Potion            |       |       |       |     6 |     4 |     8 |    13 ||    31
 Stab: Sleeping          |     1 |       |       |       |       |       |       ||     1
       Distracted        |       |       |       |       |     1 |     1 |       ||     2
       Confused          |       |       |       |       |       |     1 |       ||     1
       Invisible         |       |       |       |       |       |       |     4 ||     4
  Eat: Chunk             |       |     6 |    12 |    20 |    14 |    46 |    26 ||   124
       Ration            |       |       |       |     3 |     1 |    10 |     7 ||    21
Armor: Animal skin       |     9 |       |       |       |       |       |       ||     9
       Chain mail        |     5 |    84 |   101 |       |       |       |       ||   190
       Plate armour      |       |       |    26 |   235 |   158 |   898 |   387 ||  1704
       Skin              |       |       |       |    71 |       |     3 |    56 ||   130
Dodge: Dodged            |    50 |    67 |    83 |   179 |   104 |   512 |   417 ||  1412
